 Dungeon Crawl Stone Soup version 0.20.0-10-g0535bb4 (webtiles) character file.

20456 shinino the Cleaver (level 13, -6/114 HPs)
             Began as a Formicid Fighter on June 5, 2017.
             Was an Elder of Nemelex Xobeh.
             Killed from afar by a frost giant (34 damage)
             ... with a bolt of cold
             ... in an ice cave.
             The game lasted 00:44:22 (13011 turns).

shinino the Cleaver (Formicid Fighter)             Turns: 13011, Time: 00:44:23

Health: -6/114     AC: 20    Str: 33    XL:     13   Next: 12%
Magic:  21/21      EV:  7    Int: 12    God:    Nemelex Xobeh [****..]
Gold:   635        SH: 12    Dex: 12    Spells: 12/12 levels left

rFire    + . .     SeeInvis +   a - +2 broad axe (freeze)
rCold    . . .     Gourm    .   c - +1 shield
rNeg     . . .     Faith    +   F - +0 plate armour
rPois    .         Spirit   .   (helmet unavailable)
rElec    .         Reflect  .   u - +0 cloak
rCorr    .         Harm     .   (no gloves)
MR       +....                  E - +2 pair of boots of Honour {Str+7 SInv}
Stlth    ..........             i - amulet of faith
Regen    0.3/turn               H - ring of loudness (curse)
MPRegen  0.2/turn               x - +3 ring of strength

@: brilliant
A: permanent stasis, dig shafts and tunnels, four strong arms, antennae 3,
clumsy 1, fire resistance 1, robust 1, shaggy fur 1, sturdy frame 1
a: Dig, Shaft Self, Triple Draw, Deal Four, Renounce Religion


You were in an ice cave.
You worshipped Nemelex Xobeh.
Nemelex Xobeh was greatly pleased with you.
You were not hungry.

You visited 2 branches of the dungeon, and saw 11 of its levels.
You also visited: Sewer, Bailey and Ice Cave.

You collected 725 gold pieces.
You spent 90 gold pieces at shops.

Inventory:

Hand Weapons
 a - a +2 broad axe of freezing (weapon)
Missiles
 m - 42 tomahawks of returning (quivered)
Armour
 c - a +1 shield (worn)
 u - a +0 cloak (worn)
 E - the +2 pair of boots of Honour (worn) {Str+7 SInv}
   (You found it on level 8 of the Dungeon)

   It affects your strength (+7).
   It lets you see invisible.
 F - a +0 plate armour (worn)
Jewellery
 b - an uncursed ring of protection from fire
 i - an amulet of faith (around neck)
 w - an uncursed ring of flight
 x - a +3 ring of strength (right hand)
 H - a cursed ring of loudness (left hand)
Wands
 r - a wand of polymorph (4/24)
 s - a wand of lightning (0/15)
 A - a wand of iceblast (5/15)
 B - a wand of random effects (29/48)
 N - a wand of paralysis (13/24)
 O - a wand of flame (14/48)
Scrolls
 e - a scroll of enchant armour
 g - 4 scrolls of fear
 l - a scroll of magic mapping
 D - a scroll of recharging
 J - a scroll of fog
 M - a scroll of enchant weapon {unknown}
 S - a scroll of amnesia
 T - a scroll of identify
Potions
 d - 8 potions of flight
 k - a potion of cancellation
 o - a potion of lignification
Miscellaneous
 h - a plain deck of escape {drawn: 3}
 t - a plain deck of destruction {drawn: 9}
 v - a phial of floods (inert)
 y - a lamp of fire (inert)
 z - a lightning rod (4/4)
 C - an ornate deck of summoning {drawn: 4}
 I - a plain deck of destruction {drawn: 8}
 P - a plain deck of summoning {drawn: 3}
 R - a plain deck of summoning {drawn: 2}
Comestibles
 f - 10 bread rations
 j - 5 chunks of flesh
 n - 12 meat rations
 q - 12 fruits
 G - 5 royal jellies


   Skills:
 - Level 10.4 Fighting
 + Level 13.2 Axes
 + Level 2.4 Throwing
 - Level 10.3 Armour
 + Level 4.7 Shields
 + Level 10.8 Invocations


You had 12 spell levels left.
You didn't know any spells.

Dungeon Overview and Level Annotations

Branches:
Dungeon (10/15)            Temple (0/1) D:7            Lair (1/6) D:9
    Orc: D:9-12

Altars:
Cheibriados
Dithmenos
Elyvilon
Kikubaaqudgha
Nemelex Xobeh
Ru
Trog
Uskayaw
Vehumet
Zin
The Shining One


Innate Abilities, Weirdness & Mutations

You cannot be hasted, slowed, berserked, paralysed or teleported.
You can dig through walls and to a lower floor.
Your four strong arms can wield two-handed weapons with a shield.
You have a pair of large antennae on your head. (SInv)
You are clumsy. (Dex -2)
Your flesh is heat resistant. (rF+)
You are robust. (+10% HP)
You are covered in fur. (AC +1)
Your movements are slightly less encumbered by armour. (ER -2)


Message History

Your naga sharpshooter casts a spell.
Your naga sharpshooter magically shoots an arrow.
The arrow hits the death yak!!
The arrow disappears in a puff of smoke! x2
It was a potion of brilliance.
You feel clever all of a sudden.
Your yaktaur wields an arbalest.
Your yaktaur shoots a bolt.
The bolt hits the death yak.
The death yak dies!
The bolt disappears in a puff of smoke!
Drop what? 43/52 slots (_ for help) (? for menu, Esc to quit)
You drop a potion of brilliance.
Your centaur unwields an uncursed shortbow.
Your centaur hits the frost giant.
Your naga sharpshooter spits poison at the frost giant.
The splash of poison misses the frost giant.
The frost giant points at you and mumbles some strange words.
The bolt of cold hits you!
You die...
Your body disappears without a glow.

#..#..#
##.##.##
##.#..#
#.###.# ###
#.##.## ##.##
##.#.# #.C{##
#...## #.#{.##
#.#.# ##.#.{.#
##.###
#@###{.## #.##
#.###{..##
#.##
#..###.h.#
#..# #..#
##h.## ##c#
##.# #...#
##§# ##..#
#...# #.##
#..## ##..##
#÷## #..#
#####..# #..##
##.####.{###.#


You could see a frost giant.

Vanquished Creatures
  Harold (D:10)
  Erica (D:10)
  2 two-headed ogres
  Sonja (D:10)
  A black mamba (Lair:1)
  An ice statue (IceCv)
  A gargoyle (D:10)
  2 spiny frogs
  An ice devil (Lair:1)
  A komodo dragon (Lair:1)
  A troll (IceCv)
  5 polar bears (IceCv)
  2 hippogriffs
  A human (IceCv)
  25 yaks
  A vampire mosquito (D:8)
  A hog (IceCv)
  2 water moccasins
  An acid dragon (D:8)
  5 orc warriors
  A phantom (D:6)
  A sky beast (D:6)
  3 ice beasts
  4 ogres
  13 wolves (IceCv)
  5 centaurs
  2 big kobolds (D:8)
  3 bullfrogs
  A gnoll sergeant (D:6)
  A water moccasin zombie (D:8)
  3 scorpions
  15 killer bees
  A howler monkey (D:3)
  A crimson imp (D:10)
  3 bullfrog skeletons
  4 jellies
  5 hounds
  An orc priest (D:5)
  A gnoll shaman (D:9)
  5 iguanas
  4 worker ants
  3 orc wizards
  A killer bee zombie (D:6)
  A hound zombie (D:8)
  2 howler monkey skeletons (D:6)
  A worker ant zombie (D:10)
  12 gnolls
  A river rat (D:6)
  8 adders
  2 shadow imps
  4 oozes (Sewer)
  5 worms
  3 dart slugs
  6 leopard geckos
  13 orcs
  4 giant cockroaches
  16 hobgoblins
  21 jackals
  3 quokkas
  2 ball pythons
  19 bats
  5 frilled lizards
  9 goblins
  A jackal skeleton (D:6)
  15 kobolds
  2 quokka skeletons
  A quokka zombie (D:6)
  6 rats
  2 plants
301 creatures vanquished.

Vanquished Creatures (collateral kills)
  A hydra (D:8)
  The ghost of fooot the Geomancer, a journeyman SpEE of Ashenzari (D:10)
  4 two-headed ogres
  A death yak (IceCv)
  A skeletal warrior (D:8)
  Joseph (D:10)
  A rust devil (Lair:1)
  A rime drake (IceCv)
  A kobold demonologist (D:8)
  3 polar bears (IceCv)
  A meliai (IceCv)
  2 dream sheep (D:8)
  2 yaks (D:8)
  An orc warrior (Bailey)
  A necrophage (D:8)
  An ogre (D:8)
  A centaur (Bailey)
  2 big kobolds (D:8)
  A scorpion (D:9)
  An iguana (D:8)
  A worker ant (D:8)
  An adder (D:10)
  An orc (Bailey)
  4 kobolds (Bailey)
35 creatures vanquished.

Vanquished Creatures (others)
  2 yaks (IceCv)
2 creatures vanquished.

Grand Total: 338 creatures vanquished

Notes
Turn   | Place    | Note
-------+----------+-------------------------------------------
     0 | D:1      | shinino the Formicid Fighter began the quest for the Orb.
     0 | D:1      | Reached XP level 1. HP: 18/18 MP: 1/1
    36 | D:1      | Reached XP level 2. HP: 22/24 MP: 2/2
   216 | D:1      | Reached skill level 3 in Axes
   659 | D:1      | Reached XP level 3. HP: 29/29 MP: 3/3
  1342 | D:2      | Reached skill level 4 in Axes
  1342 | D:2      | Reached XP level 4. HP: 35/35 MP: 4/4
  2283 | D:3      | Noticed a centaur
  2291 | D:3      | Killed a centaur
  2291 | D:3      | Reached skill level 5 in Axes
  2291 | D:3      | Reached XP level 5. HP: 37/41 MP: 5/5
  2545 | D:3      | Reached XP level 6. HP: 41/47 MP: 6/6
  2745 | D:4      | Found a hide-covered altar of Uskayaw.
  2749 | D:4      | Noticed a dagger
  2749 | D:4      | Got a smoking scale mail
  2750 | D:4      | Noticed a hand axe
  2794 | D:4      | Reached skill level 6 in Axes
  2813 | D:4      | Identified the cursed +0 scale mail of Opnuumaps {rPois rN+} (You found it on level 4 of the Dungeon)
  2871 | D:4      | Found a snail-covered altar of Cheibriados.
  3326 | D:5      | Entered Level 5 of the Dungeon
  3349 | D:5      | Reached skill level 7 in Axes
  3349 | D:5      | Reached XP level 7. HP: 35/52 MP: 7/7
  4033 | D:6      | Reached skill level 8 in Axes
  4060 | D:6      | Reached XP level 8. HP: 19/58 MP: 8/8
  4075 | D:6      | Gained mutation: Your flesh is heat resistant. (rF+) [mutagenic meat]
  4076 | D:6      | Gained mutation: You are robust. (+10% HP) [mutagenic meat]
  4077 | D:6      | Gained mutation: You are covered in fur. (AC +1) [mutagenic meat]
  4078 | D:6      | Gained mutation: Your movements are slightly less encumbered by armour. (ER -2) [mutagenic meat]
  4079 | D:6      | Gained mutation: You are clumsy. (Dex -2) [mutagenic meat]
  4137 | D:6      | Found Zin's Purification Station.
  4256 | D:6      | Reached skill level 9 in Axes
  4279 | D:6      | Found a glowing silver altar of Zin.
  4284 | D:6      | Bought a potion of curing for 90 gold pieces
  4429 | D:6      | Found a glowing drain.
  4454 | Sewer    | Entered a sewer
  5068 | D:6      | Reached skill level 10 in Axes
  5438 | D:6      | Found a sparkling altar of Nemelex Xobeh.
  5661 | D:6      | Reached XP level 9. HP: 71/71 MP: 9/9
  5696 | D:6      | Became a worshipper of Nemelex Xobeh the Trickster
  5729 | D:7      | Received a gift from Nemelex Xobeh
  5763 | D:7      | Found a radiant altar of Vehumet.
  5827 | D:7      | Reached skill level 1 in Invocations
  5829 | D:7      | HP: 3/72 [killer bee (7)]
  5839 | D:6      | HP: 3/72 [killer bee (7)]
  6493 | D:7      | You fall through a shaft for 3 floors!
  6493 | D:10     | Entered Level 10 of the Dungeon
  6501 | D:10     | Received a gift from Nemelex Xobeh
  6773 | D:9      | Reached skill level 5 in Fighting
  6793 | D:9      | Found a staircase to the Lair.
  6796 | D:9      | Found a snail-covered altar of Cheibriados.
  6800 | D:9      | Reached * piety under Nemelex Xobeh
  6857 | D:9      | Found a flagged portal.
  6880 | Bailey   | Entered a bailey
  6985 | Bailey   | Reached skill level 5 in Armour
  7029 | Bailey   | Received a gift from Nemelex Xobeh
  7733 | D:8      | Reached ** piety under Nemelex Xobeh
  7879 | D:8      | Received a gift from Nemelex Xobeh
  7888 | D:8      | Noticed a hippogriff
  7895 | D:8      | Noticed a skeletal warrior
  7901 | D:8      | Killed a hippogriff
  7901 | D:8      | Reached XP level 10. HP: 56/83 MP: 13/13
  7910 | D:8      | Reached skill level 5 in Invocations
  7932 | D:8      | Killed a skeletal warrior
  7932 | D:8      | Reached skill level 11 in Axes
  8149 | D:8      | Got a pair of fine boots
  8160 | D:8      | Identified the +2 pair of boots of Honour {Str+7 SInv} (You found it on level 8 of the Dungeon)
  8453 | D:8      | Found a shadowy altar of Dithmenos.
  8476 | D:8      | Received a gift from Nemelex Xobeh
  8737 | D:7      | Found a staircase to the Ecumenical Temple.
  9096 | D:8      | Noticed a two-headed hydra
  9104 | D:8      | Killed a three-headed hydra
  9128 | D:8      | Noticed a kobold demonologist
  9143 | D:8      | Killed a kobold demonologist
  9242 | D:8      | Found a white marble altar of Elyvilon.
  9242 | D:8      | Found a faded altar of an unknown god.
  9242 | D:8      | Noticed a two-headed ogre
  9254 | D:8      | Killed a two-headed ogre
  9254 | D:8      | Reached XP level 11. HP: 92/92 MP: 16/16
  9265 | D:8      | Found a sacrificial altar of Ru.
  9267 | D:8      | Found an ancient bone altar of Kikubaaqudgha.
  9269 | D:8      | Found a bloodstained altar of Trog.
  9396 | D:9      | Noticed a two-headed ogre
  9407 | D:9      | Killed a two-headed ogre
  9422 | D:9      | Received a gift from Nemelex Xobeh
  9437 | D:9      | Found a glowing golden altar of the Shining One.
  9479 | D:9      | Reached *** piety under Nemelex Xobeh
  9680 | D:9      | Noticed a two-headed ogre
  9686 | D:9      | Killed a two-headed ogre
  9738 | D:9      | Received a gift from Nemelex Xobeh
  9917 | D:10     | Noticed Erica
  9923 | D:10     | Killed Erica
  9923 | D:10     | Reached skill level 12 in Axes
  9948 | D:10     | Noticed Harold
  9963 | D:10     | Killed Harold
 10187 | D:10     | Noticed Joseph
 10201 | D:10     | Killed Joseph
 10253 | D:10     | Received a gift from Nemelex Xobeh
 10302 | D:10     | Noticed a two-headed ogre
 10304 | D:10     | Noticed a two-headed ogre
 10310 | D:10     | Killed a two-headed ogre
 10315 | D:10     | Killed a two-headed ogre
 10402 | D:10     | Noticed a two-headed ogre
 10408 | D:10     | Noticed Sonja
 10412 | D:10     | Killed a two-headed ogre
 10412 | D:10     | Reached XP level 12. HP: 104/104 MP: 18/18
 10430 | D:10     | Killed Sonja
 10618 | D:10     | Noticed fooot's ghost (journeyman SpEE)
 10630 | D:10     | Killed fooot's ghost
 10633 | D:10     | Reached **** piety under Nemelex Xobeh
 10633 | D:10     | Received a gift from Nemelex Xobeh
 10923 | Lair:1   | Entered Level 1 of the Lair of Beasts
 11238 | Lair:1   | Found a frozen archway.
 11484 | IceCv    | Entered an ice cave
 11504 | IceCv    | Reached skill level 10 in Fighting
 11528 | IceCv    | Received a gift from Nemelex Xobeh
 11558 | IceCv    | Reached skill level 10 in Invocations
 11563 | IceCv    | Reached skill level 10 in Armour
 12029 | IceCv    | Reached skill level 13 in Axes
 12076 | IceCv    | Reached skill level 1 in Throwing
 12224 | IceCv    | HP: 3/107 [rime drake/flash freeze (26)]
 12316 | IceCv    | Reached XP level 13. HP: 30/114 MP: 20/20
 12977 | IceCv    | Noticed a frost giant
 13011 | IceCv    | Killed from afar by a frost giant

Skill      XL: |  1  2  3  4  5  6  7  8  9 10 11 12 13 |
---------------+----------------------------------------+-----
Axes           | 3 4 5 7 8 10 11 12 13 | 13.2
Fighting       | 4 6 7 9 10 | 10.4
Armour         | 4 5 7 9 10 | 10.3
Invocations    | 4 6 9 10 | 10.8
Throwing       | 1 2 |  2.4
Shields        | 4 |  4.7

Action                   |  1- 3 |  4- 6 |  7- 9 | 10-12 | 13-15 || total
-------------------------+-------+-------+-------+-------+-------++-------
Melee: War axe           |    76 |   180 |   384 |     7 |       ||   647
       Broad axe         |       |       |       |   345 |    29 ||   374
Throw: Tomahawk          |       |       |    11 |       |       ||    11
Evoke: Deck              |       |       |     8 |    51 |     7 ||    66
       Wand              |       |       |     4 |     2 |       ||     6
       Lamp of fire      |       |       |       |     2 |       ||     2
       Box of beasts     |       |       |       |     2 |     1 ||     3
       Phial of floods   |       |       |       |     1 |       ||     1
  Use: Scroll            |     3 |     2 |     9 |     2 |       ||    16
       Potion            |       |     1 |    17 |     1 |     1 ||    20
 Stab: Invisible         |       |       |     1 |       |       ||     1
       Paralysed         |       |       |       |     1 |       ||     1
  Eat: Chunk             |     1 |     6 |    19 |    14 |     2 ||    42
       Fruit             |       |       |     3 |       |     1 ||     4
Armor: Scale mail        |    27 |    89 |   187 |     5 |       ||   308
       Skin              |       |       |     5 |       |       ||     5
       Plate armour      |       |       |       |   188 |    23 ||   211
Dodge: Dodged            |    34 |    56 |   159 |    96 |    11 ||   356
Block: Shield            |    36 |    90 |   277 |   210 |    26 ||   639
